[Event "Late-Titled-Tuesday-Blitz-February-27-2024"]
[Site "Chess.com"]
[Date "2024.02.27"]
[Round "2"]
[White "db-banana"]
[Black "miraitrunks"]
[Result "1-0"]
[WhiteElo "2487"]
[BlackElo "2213"]
[TimeControl "180+1"]
[EndTime "14:16:47 PST"]
[Termination "db-banana won by checkmate"]

1. e4 c5 2. Nf3 d6 3. d3 Nf6 4. g3 g6 5. Bg2 Bg7 6. O-O O-O 7. c3 Nc6 8. d4 Nxe4 9. d5 Nb8 10. Re1 Nf6 11. c4 Nbd7 12. Nc3 Ng4 13. Qe2 Re8 14. Nd2 h5 15. Nde4 Ndf6 16. Ng5 Bf5 17. Bf4 Qb6 18.
Nf3 Nd7 19. Nh4 Nde5 20. Nxf5 gxf5 21. h3 Nf6 22. Rab1 Qb4 23. Bxe5 dxe5 24. a3 Qa5 25. Qxe5 Ne4 26. Qxf5 Nxc3 27. bxc3 Bxc3 28. Re4 e6 29. dxe6 Rxe6 30. Rxe6 fxe6 31. Qxe6+ Kh8 32. Qh6+ Kg8 33. Bd5# 1-0

[Event "Late-Titled-Tuesday-Blitz-February-27-2024"]
[Site "Chess.com"]
[Date "2024.02.27"]
[Round "2"]
[White "Anna20240"]
[Black "Balla_Tamas"]
[Result "0-1"]
[WhiteElo "1895"]
[BlackElo "2410"]
[TimeControl "180+1"]
[EndTime "14:16:50 PST"]
[Termination "Balla_Tamas won by resignation"]

1. d4 d5 2. c4 e6 3. Nf3 c5 4. cxd5 exd5 5. dxc5 Bxc5 6. e3 Nf6 7. Nc3 Bg4 8. Be2 O-O 9. O-O Nc6 10. h3 Bh5 11. b3 Re8 12. Bb2 a6 13. Rc1 Bd6 14.
Qd2 Bc7 15. Rfd1 Qd6 16. Nxd5 Bxf3 17. Nxf6+ gxf6 18. Qxd6 Bxd6 19. Bxf3 Be5 20. Bxc6 Bxb2 21. Bxe8 Bxc1 22. Rxc1 Rxe8 23. Rc7 b5 24. Ra7 Re6 25.
Kf1 Rc6 26. g4 Kg7 27. Kg2 Kg6 28. a4 bxa4 29. bxa4 Rb6 30. Kf3 h6 31. a5 Rc6 32.
Ke4 Re6+ 33. Kd5 Re5+ 34. Kc4 Rxa5 35. Kb4 Ra2 36. f4 Re2 37. Rxa6 Rxe3 38. f5+ Kg5 39. Ra7 Rxh3 40. Rxf7 Rg3 41. Rg7+ Kh4 42. Rg6 Rxg4+ 43. Kc5 Rf4 44. Rxf6 Kg5 45. Rf8 Rxf5+ 46. Rxf5+ Kxf5 47. Kd4 Kf4 48. Kd3 Kf3 49. Kd2 h5 50. Ke1 Kg2 51.
Ke2 h4 52. Ke3 h3 53. Ke2 h2 0-1

[Event "Late-Titled-Tuesday-Blitz-February-27-2024"]
[Site "Chess.com"]
[Date "2024.02.27"]
[Round "2"]
[White "ChessSwole"]
[Black "ElVital"]
[Result "1-0"]
[WhiteElo "2702"]
[BlackElo "2381"]
[TimeControl "180+1"]
[EndTime "14:16:53 PST"]
[Termination "ChessSwole won by resignation"]

1. d4 Nf6 2. c4 g6 3. Nc3 Bg7 4.
e4 d6 5. f3 O-O 6. Nge2 c5 7. d5 e6 8. Ng3 h5 9. Bg5 exd5 10.
cxd5 a6 11. a4 Nbd7 12. Be2 Qc7 13. O-O Nh7 14. Be3 h4 15. Nh1 h3 16. g3 f5 17. Qd2 Ne5 18. Nf2 Rb8 19. f4 Ng4 20.
Nxg4 fxg4 21. e5 Bf5 22. Bc4 Kh8 23. a5 Rfe8 24. e6 Nf6 25. Bd3 b5 26. axb6 Qxb6 27. Bxf5 gxf5 28. Rf2 Qb3 29. Ra3 Qc4 30. Ra4 Rb4 31. Qc2 Ne4 32. Rxb4 cxb4 33. Nxe4 Qxe4 34. Qxe4 fxe4 35. f5 Bf6 36. Rf4 Bxb2 37. f6 Bxf6 38. Rxf6 b3 39. Bd4 Kg8 40. Rg6+ Kh7 41. Rxg4 Kh6 42. Rxe4 1-0

[Event "Late-Titled-Tuesday-Blitz-February-27-2024"]
[Site "Chess.com"]
[Date "2024.02.27"]
[Round "2"]
[White "BebeBonito2022"]
[Black "el008"]
[Result "1-0"]
[WhiteElo "2312"]
[BlackElo "2501"]
[TimeControl "180+1"]
[EndTime "14:16:53 PST"]
[Termination "BebeBonito2022 won by checkmate"]

1. d4 e6 2. c4 b6 3. a3 Ba6 4. Qc2 c5 5. dxc5 bxc5 6. Nf3 Nc6 7. g3 Nf6 8. Bg2 d5 9. cxd5 exd5 10. O-O Be7 11. Rd1 O-O 12. Nc3 Re8 13. Bg5 d4 14. Na4 Qa5 15. Nd2 Rac8 16. Nc4 Qb5 17. b3 Red8 18. Rab1 h6 19. Bxf6 Bxf6 20. Nab2 Na5 21.
Nxa5 Qxa5 22. Nc4 Bxc4 23. Qxc4 Qxa3 24. Ra1 Qb4 25. Rxa7 Qxc4 26. bxc4 d3 27. exd3 Bd4 28. Bd5 Rf8 29. Re1 Kh8 30. Ree7 f5 31. Kg2 Rb8 32. Re2 Rb3 33. Rf7 Rxf7 34. Bxf7 Rxd3 35. Bg6 Be3 36. Rxe3 Rd8 37. Re8+ Rxe8 38. Bxe8 g5 39. Bg6 Kg7 40.
Bxf5 Kf6 41. Be4 Ke5 42. Bd5 Kd4 43. Kf3 Ke5 44. Kg4 Kf6 45. Kh5 Kg7 46. f4 gxf4 47.
gxf4 Kh7 48. f5 Kg7 49. h4 Kf6 50. Kxh6 Kxf5 51. Kg7 Kg4 52. Kf7 Kxh4 53. Ke6 Kg5 54. Kd6 Kf6 55. Kxc5 Ke7 56. Kb6 Kd8 57. Kb7 Kd7 58.
c5 Ke7 59. c6 Kd6 60. c7 Kxd5 61. c8=Q Kd4 62. Qc6 Kd3 63. Qc5 Ke4 64. Qd6 Ke3 65. Qd5 Kf4 66. Qe6 Kf3 67. Qe5 Kg4 68. Qf6 Kg3 69. Qf5 Kg2 70. Qf4 Kg1 71. Qd2 Kf1 72.
Kc6 Kg1 73. Kd5 Kf1 74. Ke4 Kg1 75. Kf3 Kf1 76. Qf2# 1-0

[Event "Late-Titled-Tuesday-Blitz-February-27-2024"]
[Site "Chess.com"]
[Date "2024.02.27"]
[Round "2"]
[White "Malev212"]
[Black "LyonBeast"]
[Result "0-1"]
[WhiteElo "2651"]
[BlackElo "3130"]
[TimeControl "180+1"]
[EndTime "14:16:59 PST"]
[Termination "LyonBeast won by resignation"]

1. e4 c5 2. Nf3 Nc6 3. d4 cxd4 4. Nxd4 Nf6 5. Nc3 e5 6. Ndb5 d6 7. Bg5 a6 8. Na3 b5 9. Bxf6 gxf6 10. Nab1 Bg7 11. a4 b4 12. Nd5 f5 13. Nd2 O-O 14.
Bc4 Kh8 15. exf5 Bxf5 16. g4 Be6 17. h4 Rc8 18. Ne4 Nd4 19. Ng5 e4 20. b3 Bxd5 21. Bxd5 Nxc2+ 22. Kf1 Nxa1 23. Bxe4 h6 24. Kg2 Qe7 25.
Qf3 Rc5 26. Bb1 Rxg5 27. hxg5 Qxg5 28. Rh5 Qf6 29. Qe4 Qg6 30. Rf5 Nxb3 31. Qf4 Nd4 0-1

[Event "Late-Titled-Tuesday-Blitz-February-27-2024"]
[Site "Chess.com"]
[Date "2024.02.27"]
[Round "2"]
[White "Baronessa08"]
[Black "pr1105"]
[Result "1-0"]
[WhiteElo "2529"]
[BlackElo "2333"]
[TimeControl "180+1"]
[EndTime "14:16:59 PST"]
[Termination "Baronessa08 won by resignation"]

1. c4 e5 2. Nc3 Nf6 3. Nf3 Nc6 4. g3 Bb4 5. Bg2 O-O 6. O-O Re8 7. d3 h6 8. Bd2 a5 9. a3 Bc5 10. Nd5 d6 11. b4 Ba7 12. b5 Nd4 13. Nxf6+ Qxf6 14. e3 Nxf3+ 15. Qxf3 Qxf3 16. Bxf3 Bb6 17. a4 Rb8 18.
Rad1 f5 19. Bd5+ Kf8 20. Bc3 Bd7 21. d4 e4 22. c5 dxc5 23. dxc5 Bxc5 24. Bxa5 b6 25. Bc3 Be6 26. Bc6 Red8 27. Be5 Bd6 28. Bxd6+ Rxd6 29. Rxd6 cxd6 30. Ra1 Ke7 31. a5 Bd7 32.
Bxd7 Kxd7 33. a6 Rc8 34. Kg2 d5 35. h4 Kd6 36. h5 Ra8 37. Rc1 Ke5 38. Rc6 d4 39.
exd4+ Kxd4 40. Rxb6 Kc5 41. Rb7 1-0

[Event "Late-Titled-Tuesday-Blitz-February-27-2024"]
[Site "Chess.com"]
[Date "2024.02.27"]
[Round "2"]
[White "Mikhail_Golubev"]
[Black "FabianoCaruana"]
[Result "1/2-1/2"]
[WhiteElo "2636"]
[BlackElo "3051"]
[TimeControl "180+1"]
[EndTime "14:17:01 PST"]
[Termination "Game drawn by repetition"]

1. e4 c5 2. Nf3 d6 3. d4 cxd4 4. Nxd4 Nf6 5. Nc3 a6 6. Bc4 e6 7.
O-O Be7 8. Bb3 O-O 9. f4 Nc6 10.
Be3 Bd7 11. f5 Nxd4 12. Bxd4 Rc8 13. Qd3 e5 14. Bf2 Qa5 15. Bh4 Qc5+ 16. Kh1 Qd4 17. Qf3 Bc6 18. Bxf6 Bxf6 19. Rad1 Qc5 20. Nd5 Bxd5 21.
Rxd5 Qb6 22. Rfd1 Rfd8 23. a4 Rd7 24. g3 h6 25. Kg2 a5 26. h4 Qd8 27. Kh3 b6 28. c3 Rc6 29. Qh5 Rc5 30. Rxc5 bxc5 31. Rd2 Qb6 32. Bc4 Qc6 33. Bb5 Qxe4 34. Bxd7 Qh1+ 35.
Rh2 Qf1+ 36. Rg2 Qh1+ 37. Rh2 Qf1+ 38. Rg2 Qh1+ 39. Rh2 1/2-1/2

[Event "Late-Titled-Tuesday-Blitz-February-27-2024"]
[Site "Chess.com"]
[Date "2024.02.27"]
[Round "2"]
[White "lilylg"]
[Black "MeisterJabo"]
[Result "0-1"]
[WhiteElo "2140"]
[BlackElo "2451"]
[TimeControl "180+1"]
[EndTime "14:17:01 PST"]
[Termination "MeisterJabo won on time"]

1. d4 Nf6 2. c4 e6 3. Nf3 d5 4. g3 Be7 5. Bg2 O-O 6. Qc2 c6 7. O-O b6 8. Bf4 Nbd7 9. b3 Bb7 10. Nc3 Rc8 11. e4 dxe4 12. Nxe4 Nxe4 13. Qxe4 Nf6 14.
Qe2 c5 15. Rad1 Bxf3 16. Bxf3 cxd4 17. Be5 Bc5 18. Bb7 Rc7 19. Bxc7 Qxc7 20. Bg2 a5 21.
Rd3 e5 22. f4 e4 23. Bxe4 Re8 24. Bxh7+ Kxh7 25. Qg2 Kg8 26. g4 Re3 27. g5 Ne4 28.
Rxe3 dxe3 29. Qxe4 e2+ 30. Kg2 exf1=Q+ 31. Kxf1 g6 32. f5 gxf5 33. Qxf5 Qxh2 0-1

[Event "Late-Titled-Tuesday-Blitz-February-27-2024"]
[Site "Chess.com"]
[Date "2024.02.27"]
[Round "2"]
[White "lukas_111111"]
[Black "Vasily85"]
[Result "0-1"]
[WhiteElo "2699"]
[BlackElo "2500"]
[TimeControl "180+1"]
[EndTime "14:17:02 PST"]
[Termination "Vasily85 won by resignation"]

1. d4 Nf6 2. c4 e6 3. Nc3 Bb4 4.
e3 c5 5. Ne2 O-O 6. a3 Bxc3+ 7.
Nxc3 cxd4 8. exd4 d5 9. c5 b6 10. b4 bxc5 11. dxc5 d4 12. Qf3 Nd5 13. Nxd5 exd5 14.
Be2 a5 15. Bb2 axb4 16. axb4 Rxa1+ 17. Bxa1 Nc6 18. b5 Qa5+ 19. Bc3 dxc3 20. O-O Nd4 21. Qd3 Nxe2+ 22. Qxe2 Qb4 23. c6 d4 24. h4 Be6 25. c7 Qc5 26. h5 h6 27. Rb1 Qxc7 28. b6 Qb7 29. Qd3 Rd8 30. f3 Rd6 31. Qb5 c2 32.
Ra1 Rxb6 33. Qe8+ Kh7 34. Kf2 Rb1 35. Ra8 Qxa8 36. Qxa8 c1=Q 37. Qe4+ f5 38. Qxe6 Qe3+ 0-1

[Event "Late-Titled-Tuesday-Blitz-February-27-2024"]
[Site "Chess.com"]
[Date "2024.02.27"]
[Round "2"]
[White "epiclord678"]
[Black "Hamisandwich"]
[Result "0-1"]
[WhiteElo "2391"]
[BlackElo "2761"]
[TimeControl "180+1"]
[EndTime "14:17:02 PST"]
[Termination "Hamisandwich won on time"]

1. e4 c5 2. Nf3 d6 3. d4 cxd4 4.
Nxd4 Nf6 5. Nc3 a6 6. Be3 e5 7. Nb3 Be6 8. f3 Nbd7 9. Qd2 Qc7 10. g4 h6 11. O-O-O b5 12. Kb1 Rc8 13. h4 Nb6 14. a3 Nfd7 15. Nd5 Bxd5 16. exd5 Nc4 17. Bxc4 bxc4 18.
Na5 c3 19. Qxc3 Qxc3 20. bxc3 Rxc3 21. Rd3 Rxd3 22. cxd3 Nf6 23. Rc1 Nxd5 24. Bd2 Kd7 25. Rc6 Be7 26. Rxa6 Bxh4 27. Ra7+ Ke6 28. Nc4 Be7 29.
a4 Rb8+ 30. Kc2 Nb4+ 31. Bxb4 Rxb4 32. a5 d5 33. Ra6+ Kd7 34. Ra7+ Ke8 35. Nb6 Rb5 36. Ra8+ Bd8 37. Nc8 Kd7 38. a6 Rc5+ 0-1

[Event "Late-Titled-Tuesday-Blitz-February-27-2024"]
[Site "Chess.com"]
[Date "2024.02.27"]
[Round "2"]
[White "Zhigalko_Sergei"]
[Black "marcodobrikov"]
[Result "1-0"]
[WhiteElo "2895"]
[BlackElo "2575"]
[TimeControl "180+1"]
[EndTime "14:17:03 PST"]
[Termination "Zhigalko_Sergei won by checkmate"]

1. e4 g6 2. d4 Bg7 3. Nc3 a6 4. Nf3 b5 5. a4 b4 6. Ne2 Nf6 7. Ng3 O-O 8. Bd3 d6 9. O-O a5 10. Re1 Nfd7 11. Be3 Bb7 12. Qd2 e5 13. c3 c5 14. Bb5 cxd4 15. cxd4 Ba6 16. Bh6 Bxb5 17. axb5 Qe7 18. Rec1 Nb6 19. Rc6 Nxc6 20. bxc6 d5 21. dxe5 Rfd8 22. Bg5 f6 23. c7 Qxc7 24. exf6 dxe4 25.
f7+ Kxf7 26. Bxd8 Rxd8 27. Ng5+ Kg8 28. Qe2 a4 29. Ne6 Qe7 30. Nxd8 Qxd8 31. Nxe4 a3 32. Rd1 Qc8 33. bxa3 bxa3 34. Nd6 Qf8 35. Qe6+ Kh8 36. Nf7+ Kg8 37. Rd8 h5 38. Ng5+ Kh8 39. Rxf8+ Bxf8 40. Qxg6 a2 41. Nf7# 1-0

[Event "Late-Titled-Tuesday-Blitz-February-27-2024"]
[Site "Chess.com"]
[Date "2024.02.27"]
[Round "2"]
[White "Chessdude1987"]
[Black "GodzillaChessYoutube"]
[Result "0-1"]
[WhiteElo "2375"]
[BlackElo "2652"]
[TimeControl "180+1"]
[EndTime "14:17:03 PST"]
[Termination "GodzillaChessYoutube won by resignation"]

1. e4 c5 2. Nf3 e6 3. d4 cxd4 4. Nxd4 a6 5. Nc3 Qc7 6. g3 b5 7.
Bg2 Bb7 8. O-O Nc6 9. Re1 Nxd4 10. Qxd4 Rc8 11. Re2 b4 12. Nd5 Qc5 13. Qd3 Nf6 14. Bg5 Ng4 15. Rd1 d6 16. Ne3 Ne5 17. Qb3 a5 18.
Bf4 Be7 19. Bxe5 dxe5 20. Red2 Bc6 21. Qc4 O-O 22. Qxc5 Bxc5 23. Nc4 Bd4 24. Rd3 Bb5 25. b3 Bxc4 26. bxc4 Rxc4 27. R1d2 Rfc8 28. h4 Rxc2 29. Rxc2 Rxc2 30. Kh2 Rxa2 0-1

[Event "Late-Titled-Tuesday-Blitz-February-27-2024"]
[Site "Chess.com"]
[Date "2024.02.27"]
[Round "2"]
[White "BoltzMannS"]
[Black "Supelyel"]
[Result "1-0"]
[WhiteElo "2202"]
[BlackElo "2441"]
[TimeControl "180+1"]
[EndTime "14:17:03 PST"]
[Termination "BoltzMannS won by resignation"]

1. e4 d6 2. d4 Nf6 3. Nc3 e5 4. Nge2 Be7 5. h3 c6 6. Be3 O-O 7. g4 b5 8. a3 a5 9. Bg2 Bb7 10. d5 cxd5 11. Nxd5 Nxd5 12. exd5 Nd7 13. O-O f5 14. gxf5 Rxf5 15. Ng3 Rf6 16. Qe2 Qc7 17. c3 Ba6 18. Rfe1 b4 19. Qd2 bxc3 20. bxc3 Nb6 21. Ne4 Rg6 22. Bxb6 Qxb6 23. Rab1 Qc7 24. Ng3 Bg5 25. Qc2 Rf8 26. Be4 Rh6 27. Bf5 g6 28.
Be6+ Kg7 29. Qa4 Rh4 30. Qc6 Bd8 31. Qxa6 Kh6 32. Qd3 Rhf4 33. Qe3 Qc4 34. Rb2 Bh4 35. Kg2 g5 36. Qe2 Rxf2+ 37. Qxf2 Rxf2+ 38. Rxf2 Qxc3 39. Nf5+ Kg6 40. Nxh4+ gxh4 41. Ref1 Qg3+ 42. Kh1 Kh6 43. Rf6+ Kg7 44. Rf7+ Kh6 45. R1f6+ Kg5 46. Rf5+ Kg6 47.
R5f6+ Kg5 48. Rg7+ Kxf6 49. Rxg3 hxg3 50. Kg2 e4 51.
Kxg3 Ke5 52. Kf2 Kd4 53. Ke2 h6 54. a4 Kc4 55. Ke3 Kb4 56. Bd7 Kc5 57. Kxe4 1-0

[Event "Late-Titled-Tuesday-Blitz-February-27-2024"]
[Site "Chess.com"]
[Date "2024.02.27"]
[Round "2"]
[White "TheMagician"]
[Black "emeli_chess"]
[Result "0-1"]
[WhiteElo "2136"]
[BlackElo "2442"]
[TimeControl "180+1"]
[EndTime "14:17:03 PST"]
[Termination "emeli_chess won on time"]

1. c4 e5 2. Nc3 d6 3. g3 f5 4. Bg2 Nf6 5. d3 Be7 6. Bg5 O-O 7. e3 c6 8. Nge2 h6 9. Bxf6 Bxf6 10.
O-O Be6 11. b4 Nd7 12. b5 e4 13. bxc6 bxc6 14. Nd4 Bxd4 15. exd4 d5 16. dxe4 fxe4 17.
c5 Nf6 18. f3 exf3 19. Bxf3 Bh3 20. Re1 Qd7 21. Qd2 Rae8 22. Rxe8 Rxe8 23. Re1 Rxe1+ 24. Qxe1 Qf5 25. Qe2 h5 26. Bg2 Bxg2 27. Kxg2 h4 28. gxh4 Qf4 29. Qe6+ Kh7 30. Ne2 Qxh4 31. Qf5+ g6 32.
Qh3 Qxh3+ 33. Kxh3 g5 34. Kg3 Kg6 35. h4 gxh4+ 0-1

[Event "Late-Titled-Tuesday-Blitz-February-27-2024"]
[Site "Chess.com"]
[Date "2024.02.27"]
[Round "2"]
[White "igorknyazev"]
[Black "GM4life"]
[Result "1/2-1/2"]
[WhiteElo "2202"]
[BlackElo "2468"]
[TimeControl "180+1"]
[EndTime "14:17:05 PST"]
[Termination "Game drawn by repetition"]

1. e4 c6 2. d4 d5 3. Nc3 dxe4 4. Nxe4 Nf6 5. Nxf6+ exf6 6. Bc4 Bd6 7. Ne2 O-O 8.
O-O Re8 9. Be3 Nd7 10. Bb3 Nf8 11. c4 Ng6 12. Qd2 a5 13. Rfe1 Bb4 14. Nc3 Bf5 15.
a3 Bd6 16. h3 Nh4 17. Bf4 Rxe1+ 18. Rxe1 Bxh3 19. Bxd6 Qxd6 20. c5 Qd7 21. Re4 Nxg2 22.
d5 g5 23. d6 Nf4 24. f3 Be6 25. Bc2 Re8 26. Rxf4 gxf4 27. Qxf4 Kh8 28. Qxf6+ Kg8 29. Qg5+ Kh8 30. Qf6+ Kg8 31. Ne4 Bf5 32. Qg5+ Kh8 33.
Qf6+ Kg8 34. Qg5+ Kh8 35. Qf6+ Kg8 1/2-1/2

[Event "Late-Titled-Tuesday-Blitz-February-27-2024"]
[Site "Chess.com"]
[Date "2024.02.27"]
[Round "2"]
[White "IMRosen"]
[Black "ChessLebaneseSalah"]
[Result "1-0"]
[WhiteElo "2699"]
[BlackElo "2431"]
[TimeControl "180+1"]
[EndTime "14:17:07 PST"]
[Termination "IMRosen won by resignation"]

1. e4 c5 2. Nc3 Nc6 3. Bb5 Nd4 4. Nf3 g6 5. Bc4 Bg7 6. Nxd4 cxd4 7. Qf3 Nf6 8. Ne2 e5 9. c3 d6 10. cxd4 Bg4 11.
Qb3 O-O 12. f3 Bd7 13. dxe5 dxe5 14. a4 Rc8 15. d3 Bc6 16. O-O Nd7 17. Be3 a6 18. a5 Qe7 19. Rac1 Rfd8 20. Kh1 h6 21.
Rfd1 Nf8 22. Bc5 Qf6 23. Qb4 Nd7 24. Be7 Bf8 25. Bxf6 Bxb4 26. Bxd8 Rxd8 27. d4 Bxa5 28. dxe5 Nxe5 29. Rxd8+ Bxd8 30. Nd4 Be8 31. Bd5 Bb6 32. Ne2 Nc6 33. g3 Kf8 34. Kg2 Ke7 35. h4 f5 36. Nf4 Kf6 37. exf5 Kxf5 38. Re1 Bd7 39.
Be4+ Kf6 40. Nd5+ 1-0

[Event "Late-Titled-Tuesday-Blitz-February-27-2024"]
[Site "Chess.com"]
[Date "2024.02.27"]
[Round "2"]
[White "NLLO777"]
[Black "ClauSanLuis"]
[Result "0-1"]
[WhiteElo "2504"]
[BlackElo "2363"]
[TimeControl "180+1"]
[EndTime "14:17:09 PST"]
[Termination "ClauSanLuis won by resignation"]

1. e4 c5 2. Nf3 Nc6 3. Bb5 e6 4. O-O Nge7 5. Re1 Ng6 6. c3 a6 7.
Bf1 d5 8. exd5 Qxd5 9. d4 Be7 10.
c4 Qh5 11. d5 Nd4 12. Nxd4 Qxd1 13. Rxd1 cxd4 14. Rxd4 exd5 15. cxd5 O-O 16. Nc3 Rd8 17. Be3 Bf5 18. Rad1 Bd6 19. f3 Bc5 20. g4 Bxd4 21. Rxd4 Bd7 22. Kf2 f5 23. h3 fxg4 24. hxg4 Rf8 25.
Be2 Ne5 26. Kg3 Rae8 27. Bf2 b5 28. a3 g6 29. f4 Nf7 30. Bf3 Nd6 31. a4 h5 32.
axb5 axb5 33. Rb4 hxg4 34. Bxg4 Bxg4 35. Kxg4 Rb8 36. Bc5 Rf6 37. Bd4 Rf5 38. Be5 Rb6 39. Na4 Ra6 40. Nc5 Rb6 41. Ne6 Nc4 42. Nd4 Nxe5+ 43.
fxe5 Rxe5 44. Rxb5 Rxb5 45. Nxb5 Rxd5 46. Nc3 Rd2 47.
b3 Rb2 48. Nd5 Rxb3 49. Nf4 Kh7 50. Kg5 Rb5+ 51. Kh4 g5+ 52. Kg4 gxf4 0-1

[Event "Late-Titled-Tuesday-Blitz-February-27-2024"]
[Site "Chess.com"]
[Date "2024.02.27"]
[Round "2"]
[White "esteban062000"]
[Black "Schattman"]
[Result "1/2-1/2"]
[WhiteElo "2152"]
[BlackElo "2433"]
[TimeControl "180+1"]
[EndTime "14:17:09 PST"]
[Termination "Game drawn by agreement"]

1. e4 c5 2. Nf3 g6 3. d4 cxd4 4.
Nxd4 Bg7 5. c4 Nc6 6. Be3 Qb6 7.
Nb3 Qd8 8. Nc3 Bxc3+ 9. bxc3 Nf6 10. f3 d6 11. c5 d5 12. Bb5 O-O 13. Bxc6 bxc6 14.
e5 Nd7 15. Qd4 e6 16. O-O a5 17. Bh6 Re8 18. Qe3 f6 19. f4 Ba6 20. Rf3 Bc4 21. Nd2 Ba6 22. Rg3 Qe7 23. exf6 Qxc5 24. Qxc5 Nxc5 25.
Re3 Rab8 26. Nf3 Nd7 27. Bg5 Kf7 28. Ne5+ Nxe5 29. fxe5 Rb2 30. Rh3 h5 31. Bc1 Rb7 32. Ba3 Reb8 33. Re3 Rb1+ 34. Re1 Rxa1 35. Rxa1 Bd3 36.
Bc5 Rb1+ 37. Rxb1 Bxb1 38. a3 a4 39. Kf2 Bc2 1/2-1/2

[Event "Late-Titled-Tuesday-Blitz-February-27-2024"]
[Site "Chess.com"]
[Date "2024.02.27"]
[Round "2"]
[White "LiemLe"]
[Black "AcostaPablo"]
[Result "1-0"]
[WhiteElo "3055"]
[BlackElo "2625"]
[TimeControl "180+1"]
[EndTime "14:17:10 PST"]
[Termination "LiemLe won on time"]

1. d4 Nf6 2. c4 e6 3. Nc3 Bb4 4. Nf3 O-O 5. Bd2 d5 6. e3 Nbd7 7. Rc1 c6 8. Bd3 Re8 9. O-O Bxc3 10. Bxc3 Ne4 11. Bb4 f5 12. b3 Qf6 13. Ne1 a5 14.
Ba3 a4 15. b4 dxc4 16. Rxc4 Nb6 17. Rc2 Nd5 18. Nf3 Ng5 19. Ne5 Nf7 20. Nf3 Bd7 21.
b5 cxb5 22. Qb1 Rec8 23. Rfc1 Qd8 24. Bxb5 Rxc2 25. Rxc2 Qb6 26. Rb2 Bxb5 27. Rxb5 Qa6 28. Rxb7 h6 29. h3 Nc3 30. Qb2 Qd3 31. Rxf7 Ne2+ 32.
Kh2 Re8 33. Qb7 1-0

[Event "Late-Titled-Tuesday-Blitz-February-27-2024"]
[Site "Chess.com"]
[Date "2024.02.27"]
[Round "2"]
[White "biostatistician"]
[Black "stollenmonster"]
[Result "1-0"]
[WhiteElo "2585"]
[BlackElo "2861"]
[TimeControl "180+1"]
[EndTime "14:17:12 PST"]
[Termination "biostatistician won by resignation"]

1. d4 Nf6 2. Nf3 e6 3. c4 d5 4. Bg5 Be7 5. e3 Ne4 6. Bxe7 Qxe7 7. Nbd2 f5 8. Ne5 O-O 9. Bd3 c6 10. O-O Nd7 11. Ndf3 Ndf6 12. Qc2 Bd7 13. Nd2 Be8 14. f3 Nxd2 15. Qxd2 Nd7 16. Nxd7 Qxd7 17. f4 h6 18. b4 Qe7 19. a4 Rc8 20. c5 g5 21. b5 Qf6 22. Qf2 Rc7 23. b6 axb6 24. cxb6 Rg7 25. a5 Bh5 26. a6 bxa6 27. Rxa6 Rb8 28. Rb1 Rgb7 29. fxg5 Qxg5 30. Qf4 Qxf4 31. exf4 Kf8 32.
Kf2 Ke7 33. Ra7 Kd6 34. Rxb7 Rxb7 35. Ba6 Rb8 36. b7 Be8 37. Ke3 Bd7 38. h3 h5 39. g3 Kc7 40. Be2 Be8 41. Ba6 Bd7 42. Kf3 Be8 43. g4 hxg4+ 44. hxg4 fxg4+ 45. Kxg4 c5 46. dxc5 Bc6 47. Rb6 d4 48. Rb4 Bxb7 49. Bxb7 d3 50.
c6 d2 51. Rb1 Rd8 52. Rd1 Rd4 53. Kf3 1-0

[Event "Late-Titled-Tuesday-Blitz-February-27-2024"]
[Site "Chess.com"]
[Date "2024.02.27"]
[Round "2"]
[White "MiguelEduardoGB"]
[Black "venturov"]
[Result "1-0"]
[WhiteElo "2157"]
[BlackElo "2425"]
[TimeControl "180+1"]
[EndTime "14:17:12 PST"]
[Termination "MiguelEduardoGB won by resignation"]

1. Nf3 g6 2. g3 Bg7 3. Bg2 e5 4.
O-O Ne7 5. d3 O-O 6. Nfd2 d5 7.
c4 c5 8. Nc3 Be6 9. cxd5 Nxd5 10. Nde4 Nxc3 11. bxc3 Bd5 12. c4 Bc6 13. Nxc5 Bxg2 14.
Kxg2 e4 15. Be3 Bxa1 16. Qxa1 exd3 17. Bh6 f6 18. Ne6 Qe8 19. Nxf8 Qc6+ 20. Kg1 dxe2 21. Re1 Na6 22. Qd4 Rxf8 23. Bxf8 Kxf8 24. Qd8+ Kg7 25.
Rxe2 Qxc4 26. Re7+ Kh6 27. Qd2+ g5 28. h4 Qc5 29.
hxg5+ fxg5 30. Re6+ Kh5 31. Qe2+ g4 32. Re5+ Qxe5 33.
Qxe5+ Kg6 34. Qe6+ 1-0

[Event "Late-Titled-Tuesday-Blitz-February-27-2024"]
[Site "Chess.com"]
[Date "2024.02.27"]
[Round "2"]
[White "Tunahan_Makaraci"]
[Black "KaydenTroffChess"]
[Result "1/2-1/2"]
[WhiteElo "2556"]
[BlackElo "2809"]
[TimeControl "180+1"]
[EndTime "14:17:13 PST"]
[Termination "Game drawn by repetition"]

1. e4 c5 2. Nf3 g6 3. c3 Bg7 4. d4 cxd4 5. cxd4 d5 6. e5 Nc6 7.
Bb5 Nh6 8. O-O O-O 9. h3 f6 10. exf6 Rxf6 11. Nc3 Rxf3 12. Qxf3 Nxd4 13. Qd1 e5 14.
Bxh6 Bxh6 15. Bd3 Be6 16. Ne2 Nc6 17. Bb5 d4 18. Ng3 Bd5 19. Re1 Bg7 20. Rc1 Qa5 21.
Rc5 Ne7 22. a3 a6 23. b4 Qxa3 24. Rxd5 Nxd5 25. Bc4 Rd8 26. Qg4 Qxb4 27. Bxd5+ Rxd5 28. Qe6+ Kf8 29. Rc1 Qa5 30. Rc8+ Rd8 31. Qd6+ Ke8 32. Qe6+ Kf8 33. Qd6+ Ke8 34. Qe6+ Kf8 1/2-1/2

[Event "Late-Titled-Tuesday-Blitz-February-27-2024"]
[Site "Chess.com"]
[Date "2024.02.27"]
[Round "2"]
[White "GHANDEEVAM2003"]
[Black "Unkreativ3"]
[Result "1-0"]
[WhiteElo "3045"]
[BlackElo "2623"]
[TimeControl "180+1"]
[EndTime "14:17:15 PST"]
[Termination "GHANDEEVAM2003 won by resignation"]

1. c4 c5 2. b3 g6 3. Bb2 Nf6 4. g3 Bg7 5. Bg2 O-O 6. Nf3 Nc6 7. O-O d6 8. d4 cxd4 9. Nxd4 Nxd4 10. Qxd4 Ne8 11.
Qd2 a6 12. Nc3 Rb8 13. Rfd1 Bd7 14. c5 Bc6 15. cxd6 Nxd6 16. Bxc6 bxc6 17. Na4 Bxb2 18. Qxb2 Qa5 19. Qd2 Qh5 20. Rac1 Rfc8 21. Rc5 Qh3 22. Qe3 Qd7 23. Re5 Rc7 24. Nc5 Qc8 25. Rxe7 Nf5 26. Rxc7 Qxc7 27. Qc3 Rd8 28. Rxd8+ Qxd8 29. e3 Qd1+ 30.
Kg2 Qg4 31. a4 Nh4+ 32. Kf1 Qd1+ 33. Qe1 Qc2 34. gxh4 Qxc5 35. Qd2 a5 36. Qd8+ Kg7 37. Qd4+ Qxd4 38. exd4 Kf6 39. Ke2 Ke6 40. Kd3 Kd5 41.
Kc3 c5 42. dxc5 Kxc5 43. h5 gxh5 44. h4 h6 45. f3 f6 46. f4 f5 47. b4+ axb4+ 48. Kb3 Kd4 49. Kxb4 Ke4 50. a5 Kxf4 51. a6 Kg3 52. a7 f4 53. a8=Q f3 54. Kc3 Kg4 55.
Kd2 Kg3 56. Ke3 Kxh4 1-0

[Event "Late-Titled-Tuesday-Blitz-February-27-2024"]
[Site "Chess.com"]
[Date "2024.02.27"]
[Round "2"]
[White "Capablanca_Oujda_2021"]
[Black "grzechu96"]
[Result "0-1"]
[WhiteElo "2530"]
[BlackElo "2755"]
[TimeControl "180+1"]
[EndTime "14:17:15 PST"]
[Termination "grzechu96 won by resignation"]

1. e4 c5 2. Nf3 d6 3. d4 cxd4 4. Nxd4 Nf6 5. Nc3 a6 6. Bg5 Nbd7 7. f4 Qc7 8. Qf3 b5 9. O-O-O Bb7 10. Bd3 g6 11.
Rhe1 Bg7 12. Nd5 Nxd5 13. exd5 Nf6 14. Nc6 Bxc6 15. dxc6 d5 16. f5 Qxc6 17. fxg6 hxg6 18. Kb1 Ra7 19. h3 O-O 20. h4 Re8 21. g4 e5 22.
Qf2 Rc7 23. h5 e4 24. Bf1 Nxg4 25. Qd2 Ne5 26. Be2 d4 27. hxg6 fxg6 28. Rc1 Nc4 29. Bxc4+ bxc4 30. Qg2 c3 31. b3 Rf7 32. Rcd1 Rf5 33.
Bc1 Re6 34. Rh1 d3 35. cxd3 exd3 36. Qxc6 Rxc6 0-1